 Dungeon Crawl Stone Soup version 0.21.0-3-g78d12a8 (webtiles) character file.

1617 Gaball the Carver (level 9, 0/61 HPs)
             Began as a Human Skald on Jan 13, 2018.
             Was a Priest of Cheibriados.
             Killed from afar by an electric eel (4 damage)
             ... with a bolt of electricity
             ... on level 6 of the Dungeon.
             The game lasted 00:19:44 (7985 turns).

Gaball the Carver (Human Skald)                     Turns: 7985, Time: 00:19:46

Health: 0/61       AC:  6    Str: 18    XL:     9   Next: 17%
Magic:  15/15      EV: 13    Int: 20    God:    Cheibriados [***...]
Gold:   249        SH:  0    Dex: 21    Spells: 7/16 levels left

rFire    . . .     SeeInvis .   a - +0 falchion
rCold    . . .     Gourm    .   (no shield)
rNeg     . . .     Faith    .   k - +0 ring mail
rPois    .         Spirit   .   (no helmet)
rElec    .         Reflect  .   (no cloak)
rCorr    .         Harm     .   (no gloves)
MR       .....                  o - +0 pair of boots
Stlth    +.........             (no amulet)
HPRegen  0.20/turn              (no ring)
MPRegen  0.14/turn              (no ring)

@: very slow
A: no striking features
a: Bend Time, Temporal Distortion, Renounce Religion


You were on level 6 of the Dungeon.
You worshipped Cheibriados.
Cheibriados was most pleased with you.
You were hungry.

You visited 1 branch of the dungeon, and saw 6 of its levels.

You collected 249 gold pieces.

Inventory:

Hand Weapons
 a - a +0 falchion (weapon)
Armour
 b - a +0 leather armour
 k - a +0 ring mail (worn)
 m - a +0 chain mail
 o - a +0 pair of boots (worn)
Wands
 y - a wand of paralysis (4)
Scrolls
 e - 4 scrolls of amnesia
 g - 2 scrolls of enchant armour
 j - a scroll of magic mapping {unknown}
 n - 5 scrolls of remove curse
 p - 3 scrolls of enchant weapon
 r - a scroll of random uselessness {unknown}
 t - 2 scrolls of blinking
 v - a scroll of teleportation {unknown}
Potions
 f - 3 potions of haste
 h - a potion of degeneration
 i - 4 potions of brilliance {unknown}
 q - a potion of resistance {unknown}
 s - a potion of mutation
 u - a potion of cancellation {unknown}
Books
 c - a book of Battle

   Spells                             Type                      Level
   a - Infusion                       Charms                       1
   b - Shroud of Golubria             Charms/Translocation         2
   c - Song of Slaying                Charms                       2
   d - Spectral Weapon                Hexes/Charms                 3
   e - Regeneration                   Charms/Necromancy            3
 w - a book of Changes

   Spells                             Type                      Level
   a - Beastly Appendage              Transmutation                1
   b - Sticks to Snakes               Transmutation                2
   c - Spider Form                    Transmutation/Poison         3
   d - Ice Form                       Ice/Transmutation            4
   e - Blade Hands                    Transmutation                5
 x - a book of Minor Magic

   Spells                             Type                      Level
   a - Magic Dart                     Conjuration                  1
   b - Blink                          Translocation                2
   c - Call Imp                       Summoning                    2
   d - Slow                           Hexes                        2
   e - Conjure Flame                  Conjuration/Fire             3
   f - Mephitic Cloud                 Conjuration/Poison/Air       3
Comestibles
 d - 11 rations


   Skills:
 - Level 2.0 Fighting
 * Level 8.2 Long Blades
 + Level 2.2 Armour
 - Level 3.0 Dodging
 + Level 4.1 Spellcasting
 + Level 5.1 Charms
 - Level 3.0 Necromancy
 + Level 0.9 Invocations


You had 7 spell levels left.
You knew the following spells:

 Your Spells              Type           Power        Failure   Level  Hunger
a - Infusion              Chrm           ###.         2%          1    None
b - Song of Slaying       Chrm           ###.....     4%          2    #......
c - Regeneration          Chrm/Necr      ###.......   12%         3    ###....
d - Conjure Flame         Conj/Fire      #.......     54%         3    ###....


Dungeon Overview and Level Annotations

Branches:
Dungeon (6/15)             Temple (0/1) D:6

Altars:
Cheibriados
Dithmenos
Okawaru
Uskayaw
Zin

Annotations:
D:6 exclusions: plant and 1 more exclusion


Message History

The bolt of electricity hits the plant.
The bolt of electricity hits you!
The electric eel shoots out a bolt of lightning at you!
The bolt of electricity hits you!
The electric eel shoots out a bolt of lightning at you!
The bolt of electricity hits you!
Really walk into a travel-excluded area? [Y]es or [N]o only, please.
Really walk into a travel-excluded area?
The electric eel shoots out a bolt of lightning at you!
The bolt of electricity hits you!
* * * LOW HITPOINT WARNING * * *
Okay, then.
Okay, then.
You feel better.
The electric eel shoots out a bolt of lightning at you!
The bolt of electricity hits you!
* * * LOW HITPOINT WARNING * * *
The electric eel shoots out a bolt of lightning at you!
The bolt of electricity hits you!
You die...

P≈≈≈≈≈≈≈≈≈♣ #........##.#...
≈≈≈≈≈≈≈≈♣♣# ##'#############
≈≈≈≈≈≈≈≈♣P####.##.......>...
≈≈≈≈≈≈≈≈≈♣......#..........§
≈≈≈≈≈≈P≈P♣..[.###..§........
≈≈≈≈≈≈≈♣≈≈....# #........... .≈≈
≈≈≈≈≈≈≈≈≈≈.....# #...........
≈;♣ P≈≈≈;≈≈≈≈.....# #...........
≈P≈≈≈≈≈≈≈≈≈♣..@..# #.§..§......
# ≈≈≈≈P≈≈P≈♣≈.....# #....§......
#≈♣P♣P≈P♣≈♣♣....#####.........§.
≈≈P≈≈≈≈≈≈.........#...........
♣P≈♣≈≈♣♣###......#..§........
#♣♣≈≈≈♣♣.# #......#.§.........
#.≈≈♣≈♣..# #.######...........
####.#♣≈≈...# #.# #.§).......§
..##.# .....#
#.######§.§........


You could see an electric eel.

Vanquished Creatures
  A phantom (D:6)
  An orc warrior (D:5)
  An ogre (D:6)
  5 bullfrogs (D:6)
  A howler monkey (D:5)
  6 crimson imps
  A centaur zombie (D:6)
  2 bullfrog zombies (D:5)
  2 orc priests
  2 hounds
  5 orc wizards
  An iguana (D:5)
  Terence (D:3)
  3 worker ants
  A hound zombie (D:6)
  2 worker ant zombies
  7 adders
  5 gnolls
  3 shadow imps (D:5)
  An ooze (D:3)
  2 adder zombies
  5 worms
  4 dart slugs
  5 leopard geckos
  20 orcs
  3 ball pythons
  2 bats
  4 giant cockroaches
  7 goblins
  3 hobgoblins
  8 jackals
  2 quokkas
  7 frilled lizards
  7 kobolds
  A quokka skeleton (D:5)
  6 rats
137 creatures vanquished.

Vanquished Creatures (others)
  An orc warrior (D:6)
  An orc wizard (D:6)
  An orc (D:6)
3 creatures vanquished.

Grand Total: 140 creatures vanquished

Notes
Turn   | Place    | Note
-------+----------+-------------------------------------------
     0 | D:1      | Gaball the Human Skald began the quest for the Orb.
     0 | D:1      | Reached XP level 1. HP: 16/16 MP: 3/3
   150 | D:1      | Reached XP level 2. HP: 22/22 MP: 1/5
   770 | D:2      | Reached XP level 3. HP: 25/27 MP: 6/6
  1025 | D:2      | Found a snail-covered altar of Cheibriados.
  1041 | D:2      | Became a worshipper of Cheibriados the Contemplative
  1064 | D:2      | Reached skill level 3 in Long Blades
  1289 | D:2      | Reached XP level 4. HP: 27/33 MP: 7/7
  1503 | D:2      | Found a glowing silver altar of Zin.
  1634 | D:3      | Found an iron altar of Okawaru.
  1883 | D:2      | Reached XP level 5. HP: 23/38 MP: 8/8
  2034 | D:3      | Reached skill level 4 in Long Blades
  2164 | D:3      | Found a hide-covered altar of Uskayaw.
  2396 | D:3      | Noticed Terence
  2417 | D:3      | Killed Terence
  3569 | D:4      | Reached * piety under Cheibriados
  3569 | D:4      | Reached skill level 5 in Long Blades
  3569 | D:4      | Reached XP level 6. HP: 43/44 MP: 4/9
  4478 | D:5      | Entered Level 5 of the Dungeon
  4487 | D:4      | Reached skill level 6 in Long Blades
  4562 | D:5      | Learned a level 2 spell: Song of Slaying
  4566 | D:5      | Learned a level 3 spell: Regeneration
  4596 | D:5      | Reached XP level 7. HP: 50/50 MP: 3/10
  4992 | D:5      | Reached skill level 1 in Necromancy
  5613 | D:5      | Reached ** piety under Cheibriados
  5801 | D:5      | Reached XP level 8. HP: 56/56 MP: 4/12
  5822 | D:5      | Reached skill level 7 in Long Blades
  7017 | D:6      | Found a staircase to the Ecumenical Temple.
  7224 | D:6      | Learned a level 3 spell: Conjure Flame
  7579 | D:6      | Reached *** piety under Cheibriados
  7579 | D:6      | Reached XP level 9. HP: 57/61 MP: 9/14
  7607 | D:6      | Reached skill level 8 in Long Blades
  7607 | D:6      | Reached skill level 5 in Charms
  7658 | D:6      | Found a shadowy altar of Dithmenos.
  7984 | D:6      | HP: 3/61 [electric eel/bolt of electricity (16)]
  7985 | D:6      | Killed from afar by an electric eel

Skill      XL: |  1  2  3  4  5  6  7  8  9 |
---------------+----------------------------+-----
Long Blades    | 3 5 6 7 8 |  8.2
Necromancy     | 1 2 3 |  3.0
Spellcasting   | 3 4 |  4.1
Charms         | 4 5 |  5.1
Dodging        | 3 |  3.0
Armour         | 2 |  2.2
Fighting       | |  2.0
Invocations    | |  0.9

Action                   |  1- 3 |  4- 6 |  7- 9 || total
-------------------------+-------+-------+-------++-------
Melee: Falchion          |   121 |   268 |   293 ||   682
 Cast: Infusion          |     4 |     8 |    23 ||    35
       Regeneration      |       |       |     5 ||     5
Invok: Bend Time         |       |     3 |     1 ||     4
  Use: Scroll            |       |     9 |     3 ||    12
       Potion            |       |     4 |     1 ||     5
  Eat: Chunk             |       |     4 |     7 ||    11
       Ration            |       |     2 |       ||     2
Armor: Leather armour    |    14 |       |       ||    14
       Chain mail        |    55 |   123 |       ||   178
       Skin              |       |    31 |       ||    31
       Ring mail         |       |    17 |    71 ||    88
Dodge: Dodged            |    57 |   100 |   177 ||   334
       Rpst.: Falchion   |    19 |    29 |    51 ||    99
